 Dungeon Crawl Stone Soup version 0.20.0-15-g7f486f2 (webtiles) character file.

42 Zachthehappycat the Charlatan (level 3, -4/27 HPs)
             Began as a Spriggan Artificer on June 30, 2017.
             Slain by a worm (7 damage)
             ... on level 2 of the Dungeon.
             The game lasted 00:05:47 (1532 turns).

Zachthehappycat the Charlatan (Spriggan Artificer)  Turns: 1532, Time: 00:05:49

Health: -4/27      AC: 21    Str:  8    XL:     3   Next: 33%
Magic:  7/7        EV:  4    Int: 12    God:
Gold:   78         SH:  0    Dex: 17    Spells: 2/2 levels left

rFire    . . .     SeeInvis +   a - +0 short sword
rCold    . . .     Gourm    .   (shield restricted)
rNeg     + + +     Faith    .   (armour currently unavailable)
rPois    +         Spirit   .   (helmet currently unavailable)
rElec    .         Reflect  .   (cloak currently unavailable)
rCorr    .         Harm     .   (gloves unavailable)
MR       .....     NoTele   +   (boots unavailable)
Stlth    ++........             (no amulet)
Regen    0.1/turn               (no ring)
MPRegen  0.1/turn               (no ring)

@: tree-form
A: unfitting armour, see invisible, herbivore 3, slow metabolism 2
a: no special abilities


You were on level 2 of the Dungeon.
You were not hungry.
You were a tree.
You visited 1 branch of the dungeon, and saw 2 of its levels.

You collected 78 gold pieces.

Inventory:

Hand Weapons
 a - a +0 short sword (weapon)
Missiles
 l - 18 arrows
 n - 63 stones (quivered)
Armour
 b - a +0 robe (melded)
Wands
 c - a wand of flame (15/48)
 d - a wand of enslavement (15/24)
 e - a wand of random effects (15/48)
Scrolls
 h - 2 scrolls of fear {unknown}
Potions
 j - 3 potions of mutation {unknown}
 k - a potion of agility {unknown}
 p - a potion of ambrosia {unknown}
 q - 2 potions of invisibility {unknown}
Comestibles
 f - a bread ration
 o - a royal jelly


   Skills:
 + Level 1.3(0.6) Fighting
 + Level 2.0(1.0) Short Blades
 + Level 3.5(1.7) Dodging
 + Level 2.1(1.0) Stealth
 + Level 4.5(2.2) Evocations


You had 2 spell levels left.
You didn't know any spells.

Dungeon Overview and Level Annotations

Branches:
Dungeon (2/15)

Altars:
Ashenzari

Annotations:
D:2 Natasha


Innate Abilities, Weirdness & Mutations

You are very small and have problems with some larger weapons.
You are too small for most types of armour.
You have supernaturally acute eyesight. (SInv)
You are a herbivore.
((You cover ground extremely quickly.))
You need consume almost no food.


Message History

The worm is heavily wounded.
The worm bites you.
* * * LOW HITPOINT WARNING * * *
As you read the scroll labeled GEEJIPT YCIPH, it crumbles to dust.
You hear a loud clanging noise!
It was a scroll of noise.
You hear an angry hiss. x2
There are no items here.
As you read the scroll labeled WACOOF UPSA, it crumbles to dust.
It is a scroll of identify.
i - a potion of lignification The worm closely misses you.
You turn into a tree.
Your +0 robe melds into your body.
Your roots penetrate the ground.
A bat comes into view.
You hit the worm.
The worm is heavily wounded.
Natasha casts a spell.
The worm bites you!
You die...

###.#....≈≈≈≈≈≈≈≈≈≈.......
##########.#...≈.≈≈≈≈≈≈≈≈≈≈≈.###.
........%........≈≈≈≈≈≈≈≈≈≈..###.
#######<####....≈≈.≈...≈).≈..##.#
#.# ##.#..≈..≈.≈..≈....(# #.#
#.####.###########..# #.# #.# #.#
.#. #.#####.####b##### #
#.#.......♣wh.....
#.#.###.####..#### .... ...#
###.# ##h.. #.# ## #.. ###


You could see a worm, Natasha and a bat.

Vanquished Creatures
  2 oozes (D:1)
  A dart slug (D:1)
  2 leopard geckos (D:1)
  4 bats
  A giant cockroach (D:1)
  4 goblins
  4 hobgoblins
  4 kobolds (D:1)
  2 frilled lizards
  5 rats
29 creatures vanquished.

Notes
Turn   | Place    | Note
-------+----------+-------------------------------------------
     0 | D:1      | Zachthehappycat the Spriggan Artificer began the quest for the Orb.
     0 | D:1      | Reached XP level 1. HP: 9/9 MP: 4/4
   187 | D:1      | Reached skill level 1 in Fighting
   317 | D:1      | Reached XP level 2. HP: 14/14 MP: 6/6
  1114 | D:1      | Reached XP level 3. HP: 11/18 MP: 7/7
  1381 | D:2      | Found a faded altar of an unknown god.
  1411 | D:2      | Noticed Natasha
  1451 | D:2      | Became a worshipper of Ashenzari the Shackled
  1451 | D:2      | Reached * piety under Ashenzari
  1490 | D:2      | Fell from the grace of Ashenzari
  1532 | D:2      | Slain by a worm

Skill      XL: |  1  2  3 |
---------------+----------+-----
Fighting       | 1 |  1.3
Stealth        | 2 |  2.1
Short Blades   | 2 |  2.0
Dodging        | |  3.5
Evocations     | |  4.5

Action                   || total
-------------------------++-------
Melee: Short sword       ||   121
Invok: Scrying           ||     1
       Renounce Religion ||     1
  Use: Scroll            ||     2
       Potion            ||     1
 Stab: Sleeping          ||     3
Armor: Robe              ||    11
Dodge: Dodged            ||    90
